 Dungeon Crawl Stone Soup version 0.17-a0-1716-gdf19ebb (console) character file.

25 Monkaria the Ducker (level 2, -5/14 HPs)
             Began as a Felid Berserker on Aug 24, 2015.
             Was a Believer of Trog.
             Slain by a kobold
             ... wielding a +2 short sword of electrocution
              (10 damage)
             ... on level 1 of the Dungeon.
             The game lasted 00:00:48 (798 turns).

Monkaria the Ducker (Felid Berserker)                Turns: 798, Time: 00:00:48

Health: -5/14      AC:  1    Str: 13    XL:     2   Next: 82%
Magic:  3/3        EV: 19    Int:  8    God:    Trog [**....]
Gold:   34         SH:  0    Dex: 15    Spells: 0 memorised, 1 level left
                                        Lives:  0   Deaths: 0

rFire  . . .     SeeInvis +       - Unarmed
rCold  . . .     Clarity  .     (armour unavailable)
rNeg   . . .     SustAt   .     (shield unavailable)
rPois  .         Gourm    .     (helmet unavailable)
rElec  .         Spirit   .     (cloak unavailable)
rCorr  .         Warding  .     (gloves unavailable)
rMut   .         Stasis   .     (boots unavailable)
MR     .....                    (no amulet)
Stlth  ++........               (no ring)
                                (no ring)

@: quick, not resistant to hostile enchantments, unstealthy
A: no armour, no weapons or thrown items, claws 1, fangs 3, see invisible,
carnivore 3, speed 1, shaggy fur 1, slow metabolism 1, sharp paws
a: Burn Spellbooks, Berserk, Trog's Hand, Renounce Religion


You were on level 1 of the Dungeon.
You worshipped Trog.
Trog was pleased with you.
You were completely stuffed.

You visited 1 branch of the dungeon, and saw 2 of its levels.

You collected 34 gold pieces.

Inventory:

Scrolls
 b - a scroll of random uselessness {unknown}
 d - a scroll of remove curse {unknown}
 e - a scroll of enchant armour {unknown}
Potions
 c - a potion of lignification {unknown}
 g - a potion of curing {unknown}
Comestibles
 a - 2 meat rations
 f - a chunk of flesh
 h - a slice of pizza


   Skills:
 + Level 3.3 Fighting
 + Level 4.7 Dodging
 + Level 3.3 Unarmed Combat


You had one spell level left.
You didn't know any spells.

Dungeon Overview and Level Annotations

Branches:
Dungeon (2/15)

Altars:


Innate Abilities, Weirdness & Mutations

You cannot wear armour.
You are incapable of wielding weapons or throwing items.
You have sharp claws.
You have razor-sharp teeth.
You have supernaturally acute eyesight.
You are carnivorous and can eat meat at any time.
You cover ground quickly.
You are covered in fur (AC +1).
You have a slow metabolism.
Your sharp claws are effective at attacking unaware monsters.


Message History

A kobold comes into view.
It is wielding a short sword of electrocution.
A kobold is nearby!
A kobold is nearby!
The kobold shouts!
You hear a shout!
You closely miss the kobold. Your bite misses the kobold.
The kobold misses you.
You closely miss the kobold. The kobold misses you.
A kobold comes into view. It is wielding a club.
You barely miss the kobold.
The kobold throws a stone.
The stone barely misses you.
The kobold hits you with a short sword of electrocution!
Ouch! That really hurt!
You closely miss the kobold.
The kobold throws a stone.
The stone barely misses you. The kobold closely misses you.
You closely miss the kobold. Your bite misses the kobold.
The kobold throws a stone.
The stone completely misses you.
The kobold hits you with a short sword of electrocution.
You are electrocuted!
Ouch! That really hurt!
You die...

# #####.# #..##.##.. ..#
#.##..####........# ....
#.##.........#.#...
.....##..................
.>..........###.....#..#.
....###.##### .## ##.#.
.$ #.## # #>## #..# #.
#(@# .. #..K..K# #....###
##..## #..# ####


You could see 2 kobolds.

Vanquished Creatures
  3 giant geckos (D:1)
  2 giant cockroaches (D:1)
  2 goblins
  6 hobgoblins
  2 bats (D:1)
  2 giant newts
  3 kobolds
20 creatures vanquished.

Notes
Turn   | Place    | Note
--------------------------------------------------------------
     0 | D:1      | Monkaria the Felid Berserker began the quest for the Orb.
     0 | D:1      | Reached XP level 1. HP: 10/10 MP: 2/2
    12 | D:1      | You fall through a shaft!
   428 | D:1      | Reached XP level 2. HP: 9/14 MP: 3/3
   765 | D:1      | Acquired Trog's second power
   798 | D:1      | Slain by a kobold

Vault maps used:
D:1:      lightli_arrival_statuegarden, minmay_misc_feat_rows, dk_noncrumbling_3

Action                   || total
-------------------------++-------
Melee: Unarmed           ||    67
Invok: Berserk           ||     1
 Stab: Sleeping          ||     1
  Eat: Chunk             ||     8
